 Dungeon Crawl Stone Soup version 0.28.0 (webtiles) character file.

Game seed: 6270764851035471304

200309 browni3141 the Slayer (level 17, -5/138 HPs)
             Began as a Minotaur Berserker on Feb 16, 2022.
             Was a High Priest of Trog.
             Killed from afar by an acid blob (21 damage)
             ... with a splash of acid
             ... on level 3 of the Pits of Slime.
             The game lasted 00:30:56 (37905 turns).

browni3141 the Slayer (Minotaur Berserker)         Turns: 37905, Time: 00:30:56

Health: -5/138     AC: 27    Str: 30    XL:     17   Next: 41%
Magic:  16/16      EV:  6    Int:  4    God:    Trog [*****.]
Gold:   425        SH: 16    Dex: 10    Spells: 16/16 levels left

rFire   . . .      SeeInvis .   J - +5 broad axe (vorpal)
rCold   + + .      Faith    .   w - +0 tower shield
rNeg    . . .      Spirit   .   b - +1 crystal plate armour
rPois   .          Reflect  .   E - +0 hat {Will+}
rElec   .          Harm     .   m - +0 cloak
rCorr   .          Rampage  .   A - +0 pair of gloves
Will    ++++.                   X - +1 pair of boots
Stlth   ..........              t - amulet of the acrobat
HPRegen 1.33/turn               F - ring of protection from cold
MPRegen 0.15/turn               h - ring of ice

@: strong-willed, corroded, on berserk cooldown, regenerating, hasted and slowed
A: horns 2, retaliatory headbutt, fire resistance 1, frail 2
}: 2/15 runes: decaying, serpentine
a: Renounce Religion, Berserk, Trog's Hand, Brothers in Arms


You were on level 3 of the Pits of Slime.
You worshipped Trog.
Trog was extremely pleased with you.
You visited 5 branches of the dungeon, and saw 32 of its levels.
You also visited: Ice Cave.

You collected 2342 gold pieces.
You spent 1917 gold pieces at shops.

Inventory:

Hand Weapons
 j - a +4 antimagic broad axe
 J - a +5 vorpal broad axe (weapon)
Missiles
 M - 6 curare-tipped darts (quivered)
Armour
 b - a +1 crystal plate armour (worn)
 m - a +0 cloak (worn)
 w - a +0 tower shield (worn)
 A - a +0 pair of gloves (worn)
 E - a +0 hat of willpower (worn)
 H - a +1 plate armour of poison resistance
 X - a +1 pair of boots (worn)
Jewellery
 c - an amulet of guardian spirit
 e - a ring of see invisible
 h - a ring of ice (right hand)
 t - an amulet of the acrobat (around neck)
 B - a +6 ring of dexterity
 F - a ring of protection from cold (left hand)
 G - a +6 ring of intelligence
 K - a ring of resist corrosion
 L - a +4 ring of evasion
 V - a ring of fire
Wands
 k - a wand of polymorph (12)
 N - a wand of flame (44)
 Q - a wand of charming (8)
 R - a wand of mindburst (15)
 Y - a wand of iceblast (7)
Scrolls
 f - 3 scrolls of noise
 i - a scroll of enchant weapon
 l - a scroll of magic mapping
 o - 7 scrolls of immolation
 q - 6 scrolls of amnesia
 r - 2 scrolls of vulnerability
 v - 9 scrolls of enchant armour
 x - 5 scrolls of teleportation
 y - a scroll of blinking
 O - 2 scrolls of fog
 P - 5 scrolls of silence
 S - 4 scrolls of fear
 U - 3 scrolls of torment
 W - 3 scrolls of holy word {unknown}
Potions
 a - 2 potions of ambrosia
 d - a potion of haste
 g - 5 potions of curing
 n - 4 potions of degeneration
 p - 2 potions of brilliance
 s - 6 potions of attraction
 u - a potion of berserk rage {unknown}
 z - a potion of cancellation {unknown}
 C - 2 potions of flight
 D - 5 potions of might
 I - a potion of invisibility {unknown}
 T - a potion of resistance {unknown}
Miscellaneous
 Z - a tin of tremorstones (1/2)


   Skills:
 + Level 21.1 Fighting
 - Level 18.0 Axes
 + Level 21.0 Armour
 - Level 2.1 Dodging
 * Level 12.7 Shields
 - Level 8.0 Evocations


You had 16 spell levels left.
You didn't know any spells.
Your spell library was empty.

Dungeon Overview and Level Annotations

Branches:
Dungeon (15/15)            Temple (0/1) D:6            Lair (6/6) D:10
  Swamp (4/4) Lair:4        Snake (4/4) Lair:2        Slime (3/5) Lair:5
    Orc (0/2) D:11         Vaults (0/5) D:14         Depths (0/4) D:15
  IceCv (visited)

Altars:
Makhleb
Trog
Jiyva

Shops:
D:4 [   D:5 *   D:13 !   Snake:1 *

Annotations:
D:9 exclusion: orange crystal statue
D:13 2 transporters, Xuta's ghost, journeyman FoFi
Lair:1 3 runed translucent doors, Dusajagg's ghost, journeyman DrAE; Imnulubo's ghost, novice TeFE; Zusoliwk's ghost, journeyman CeHu; trckry's ghost, journeyman OgSu
Lair:5 exclusion: 3 oklob plants
Swamp:2 2 transporters, exclusion: oklob plant, Roxanne; Zoigrime's ghost, adept FoFi


Innate Abilities, Weirdness & Mutations

You have a pair of horns on your head.
You reflexively headbutt those who attack you in melee.
Your flesh is heat resistant. (rF+)
You are very frail. (-20% HP)


Message History

You resist with almost no effort. The acid blob hits you!
* * * LOW HITPOINT WARNING * * *
The acid corrodes you!
You are splashed with acid!
* * * LOW HITPOINT WARNING * * *
The golden eye blinks at you. You resist with almost no effort.
You block the acid blob's attack. The golden eye blinks at you.
You resist with almost no effort.
Unknown command.
As you read the scroll of fear, it crumbles to dust.
You assume a fearsome visage.
The acid blob resists with almost no effort.
The rockslime looks frightened!
The large slime creature looks frightened!
The acid blob resists with almost no effort.
You block the acid blob's attack.
The golden eye blinks!
The acid blob hits you but does no damage.
Unknown command.
You feel yourself speed up.
The golden eye seems to regain its courage.
The acid blob spits acid at you. The splash of acid hits you.
* * * LOW HITPOINT WARNING * * *
You block the acid blob's attack. x2; The golden eye blinks!
Unknown command.
The acid blob hits you but does no damage.
The golden eye blinks at you. You resist with almost no effort.
The acid blob spits acid at you. The splash of acid hits you!
* * * LOW HITPOINT WARNING * * *
The acid blob barely misses you. You furiously retaliate!
You headbutt the acid blob!
There is a stone staircase leading up here.
Cornered, the rockslime turns to fight!
The golden eye blinks at you. You resist with almost no effort.
You block the acid blob's attack. The acid blob spits acid at you.
The splash of acid hits you!!
You die...

..#..............
..................
J.....>......<..#.
.................#
.................#.
........^.........#
......G...#.......
..#.....J.........
.......@J......#
..J.....G......#
.....#.#......J#
.... ##...#...##
#.. ##.....## ..
#.J..## # ...#.###
.....## ..#.#


You could see 2 acid blobs, a large slime creature (fleeing), 2 slime creatures,
a rockslime and 2 golden eyes.

Vanquished Creatures
  5 acid blobs
  Frances (D:13)
  Kirke (Lair:5)
  Agnes (D:15)
  Gastronok (D:9)
  4 thorn hunters
  2 nagarajas
  The ghost of browni3141 the Severer, a journeyman MiBe of Trog (D:15)
  A quicksilver ooze (Slime:1)
  Nessos (D:13)
  2 dire elephants (Lair:6)
  3 eleionomae
  A bunyip (Swamp:3)
  2 shambling mangroves (Swamp:2)
  3 boulder beetles
  4 salamander tyrants (Snake:4)
  12 hydras
  An ogre mage (D:15)
  8 naga warriors
  A ghost crab (Swamp:4)
  An alligator (Swamp:2)
  A catoblepas (Lair:6)
  A death knight (D:12)
  3 anacondas
  2 centaur warriors
  16 death yaks
  6 two-headed ogres
  4 naga sharpshooters
  4 shock serpents
  A goliath frog (Swamp:2)
  5 salamander mystics
  3 skeletal warriors (D:15)
  3 sea snakes (Snake:1)
  2 spriggan druids
  A deep troll (D:14)
  A swamp dragon (Swamp:3)
  3 lindwurms
  A necromancer (D:15)
  A wolf spider zombie (D:13)
  4 naga ritualists (Snake:4)
  2 wizards (D:15)
  2 cyclopes
  3 deep elf pyromancers
  An orc sorcerer (D:15)
  5 mana vipers
  A shining eye (Slime:1)
  An oklob plant (Lair:6)
  8 manticores
  5 ugly things
  9 salamanders
  23 slime creatures
  5 guardian serpents
  14 elephants (Lair:6)
  The ghost of browni3141 the Skirmisher, a novice MiBe of Trog (D:5)
  11 naga magi
  18 black mambas
  A torpor snail (Lair:3)
  2 gargoyles
  Psyche (D:11)
  24 cane toads
  15 komodo dragons
  9 rime drakes
  2 kobold demonologists
  2 freezing wraiths (D:12)
  6 efreet
  A tengu conjurer (D:13)
  3 trolls
  3 tyrant leeches
  2 wolf spider simulacra (D:15)
  A meliai (shapeshifter) (D:13)
  13 polar bears
  2 bloated husks
  A wind drake (shapeshifter) (D:13)
  A polar bear (shapeshifter) (D:13)
  10 hornets
  A raiju (shapeshifter) (D:14)
  14 dream sheep
  24 blink frogs
  Sigmund (D:3)
  4 spriggans
  A shadow (D:12)
  2 wraiths
  A centaur simulacrum (D:14)
  2 wyverns
  3 hogs (Lair:5)
  38 yaks
  3 vampires
  5 basilisks
  8 golden eyes
  5 humans
  A death yak simulacrum (IceCv)
  2 vampire mosquitoes (Swamp:2)
  Menkaure (D:7)
  24 nagas
  15 water moccasins
  4 wargs (Lair:6)
  17 hell hounds (Lair:6)
  11 swamp worms
  2 acid dragons
  4 orc warriors
  A sky beast (D:5)
  13 black bears
  9 ogres
  23 wolves
  16 centaurs
  A phantom (D:7)
  6 kobold brigands
  9 bullfrogs
  A gnoll sergeant (D:8)
  A water moccasin zombie (D:6)
  A cane toad simulacrum (IceCv)
  4 wights (D:8)
  A water moccasin skeleton (D:4)
  3 killer bees (D:10)
  6 electric eels
  4 howler monkeys
  6 centaur zombies
  3 centaur skeletons
  2 hounds (D:7)
  11 orc priests
  2 jellies
  2 iguanas (D:5)
  7 orc wizards
  Ijyb (D:3)
  A killer bee zombie (D:6)
  2 wolf simulacra (IceCv)
  A hound skeleton (D:5)
  A mummy (D:13)
  A howler monkey zombie (D:5)
  6 gnolls
  A howler monkey skeleton (D:5)
  16 adders
  A white imp (D:6)
  An adder skeleton (D:4)
  2 worms
  A dart slug (D:2)
  37 orcs
  8 bats
  3 endoplasms
  2 giant cockroaches
  12 goblins
  7 hobgoblins (D:1)
  4 jackals (D:3)
  11 kobolds
  6 quokkas
  5 ball pythons
  A frilled lizard (D:1)
  4 rats
  18 briar patches
804 creatures vanquished.

Vanquished Creatures (collateral kills)
  A thorn hunter (Swamp:2)
  A shambling mangrove (Swamp:2)
  2 alligators (Swamp:3)
  A hornet (Swamp:2)
5 creatures vanquished.

Vanquished Creatures (others)
  2 briar patches
  74 fungi
  134 plants
  3 withered plants
213 creatures vanquished.

Grand Total: 1022 creatures vanquished

Notes
Turn   | Place    | Note
-------+----------+-------------------------------------------
     0 | D:1      | browni3141 the Minotaur Berserker began the quest for the
                  | Orb.
     0 | D:1      | Reached XP level 1. HP: 19/19 MP: 0/0
   110 | D:1      | Reached XP level 2. HP: 21/27 MP: 1/1
  1018 | D:2      | Reached XP level 3. HP: 26/33 MP: 2/2
  1530 | D:2      | Found a faded altar of an unknown god.
  1600 | D:2      | Reached ** piety under Trog
  2003 | D:2      | Reached XP level 4. HP: 38/41 MP: 3/3
  2124 | D:2      | Reached skill level 5 in Axes
  2269 | D:2      | Identified the +2 ring mail of Youthful Indiscretion {rPois
                  | Int-4 SInv}
  2291 | D:3      | Noticed Ijyb
  2625 | D:3      | Killed Ijyb
  2809 | D:3      | Reached XP level 5. HP: 19/47 MP: 4/4
  3066 | D:3      | Noticed Sigmund
  3084 | D:3      | Killed Sigmund
  3085 | D:3      | Reached skill level 5 in Fighting
  3085 | D:3      | Reached XP level 6. HP: 48/56 MP: 5/5
  3420 | D:4      | Found Xiekelew's Armour Boutique.
  3425 | D:4      | Bought a +0 cloak for 58 gold pieces
  3602 | D:4      | Reached skill level 5 in Armour
  3602 | D:4      | Reached XP level 7. HP: 21/62 MP: 6/6
  4481 | D:5      | Entered Level 5 of the Dungeon
  4939 | D:5      | Found Maevoepp's Assorted Antiques.
  5309 | D:5      | Found a runed translucent gate.
  5310 | D:5      | Found a runed translucent gate.
  5314 | D:5      | Found a runed translucent gate.
  5316 | D:5      | Noticed browni3141's ghost (novice MiBe)
  5375 | D:5      | Reached XP level 8. HP: 71/71 MP: 7/7
  5518 | D:5      | Killed browni3141's ghost
  5685 | D:6      | Reached skill level 10 in Axes
  5855 | D:6      | Noticed a troll
  5865 | D:6      | Killed a troll
  5972 | D:6      | Reached XP level 9. HP: 76/81 MP: 8/8
  5993 | D:6      | Noticed a troll
  6007 | D:6      | Killed a troll
  6530 | D:6      | Noticed a kobold demonologist
  6551 | D:6      | Killed a kobold demonologist
  6883 | D:6      | Found a staircase to the Ecumenical Temple.
  7530 | D:7      | Found a burning altar of Makhleb.
  7764 | D:7      | Noticed Menkaure
  7776 | D:7      | Killed Menkaure
  8054 | D:7      | Identified the +2 ring mail of Minor Irritation {Harm Str+3
                  | Int+5}
  8059 | D:8      | Noticed a two-headed ogre
  8065 | D:8      | Killed a two-headed ogre
  8149 | D:8      | Reached XP level 10. HP: 91/91 MP: 9/9
  8355 | D:8      | Reached *** piety under Trog
  8698 | D:8      | HP: 4/93 [human (8)]
  9365 | D:9      | Reached skill level 10 in Fighting
  9741 | D:9      | Noticed Gastronok
  9787 | D:9      | Reached skill level 10 in Armour
  9797 | D:9      | Killed Gastronok
  9967 | D:9      | Noticed an orange crystal statue
 10186 | D:10     | Entered Level 10 of the Dungeon
 10498 | D:10     | Found a staircase to the Lair.
 10836 | D:10     | Reached XP level 11. HP: 67/101 MP: 10/10
 12124 | Lair:1   | Entered Level 1 of the Lair of Beasts
 12141 | Lair:1   | Reached skill level 1 in Shields
 12466 | Lair:1   | Reached skill level 15 in Axes
 13153 | Lair:1   | Found a runed translucent gate.
 13157 | Lair:1   | Found a runed translucent gate.
 13173 | Lair:1   | Found a runed translucent gate.
 13174 | Lair:1   | Noticed Dusajagg's ghost (journeyman DrAE)
 13174 | Lair:1   | Noticed trckry's ghost (journeyman OgSu)
 13174 | Lair:1   | Noticed Zusoliwk's ghost (journeyman CeHu)
 13175 | Lair:1   | Noticed Imnulubo's ghost (novice TeFE)
 13533 | D:4      | Bought a +1 plate armour of poison resistance for 416 gold
                  | pieces
 13914 | Lair:1   | Reached skill level 5 in Shields
 14884 | Lair:2   | You fall into a shaft and drop 1 floor!
 14884 | Lair:3   | Noticed a boulder beetle
 15142 | Lair:2   | Found a staircase to the Snake Pit.
 15521 | Lair:2   | Reached XP level 12. HP: 61/112 MP: 11/11
 16593 | Lair:3   | Noticed an eight-headed hydra
 16654 | Lair:2   | Killed a 14-headed hydra
 17103 | Lair:3   | Noticed a six-headed hydra
 17116 | Lair:3   | Killed a 13-headed hydra
 17848 | Lair:3   | Reached **** piety under Trog
 17870 | Lair:3   | Killed a boulder beetle
 18748 | Lair:4   | Noticed a death yak
 18762 | Lair:4   | Killed a death yak
 18769 | Lair:4   | Noticed a six-headed hydra
 18781 | Lair:4   | Noticed a death yak
 18783 | Lair:4   | Noticed a death yak
 18785 | Lair:4   | Noticed a death yak
 18785 | Lair:4   | Noticed a death yak
 18786 | Lair:4   | Noticed a death yak
 18830 | Lair:3   | Killed a death yak
 18836 | Lair:3   | Killed a death yak
 19196 | Lair:4   | Reached XP level 13. HP: 121/122 MP: 12/12
 20476 | Lair:4   | Found a staircase to the Swamp.
 21142 | Lair:4   | Identified a scroll of acquirement
 21148 | Lair:4   | Acquired a +1 vorpal broad axe
 21357 | Lair:5   | Found a runed translucent door.
 21358 | Lair:5   | Found a viscous altar of Jiyva.
 21358 | Lair:5   | Found a staircase to the Slime Pits.
 21358 | Lair:5   | Noticed an acid blob
 21358 | Lair:5   | Noticed an acid blob
 21451 | Lair:5   | Noticed Kirke
 21462 | Lair:5   | Killed Kirke
 21793 | Lair:5   | Reached skill level 15 in Fighting
 22011 | Lair:6   | Entered Level 6 of the Lair of Beasts
 22115 | Lair:6   | Reached skill level 15 in Armour
 22535 | Lair:6   | Reached XP level 14. HP: 136/136 MP: 13/13
 22753 | Lair:6   | Reached ***** piety under Trog
 24342 | Lair:6   | Received a gift from Trog
 24921 | Lair:6   | Reached XP level 15. HP: 149/149 MP: 14/14
 25437 | D:11     | Noticed Psyche
 25445 | D:11     | Killed Psyche
 25446 | D:11     | Reached skill level 1 in Evocations
 25763 | D:11     | Found a staircase to the Orcish Mines.
 26482 | D:12     | You fall into a shaft and drop 2 floors!
 26591 | D:13     | Noticed Nessos
 26608 | D:13     | Killed Nessos
 26855 | D:13     | Noticed Frances
 26866 | D:13     | Killed Frances
 26960 | D:13     | Found a frozen archway.
 26970 | IceCv    | Entered an ice cave
 27889 | D:13     | Reached skill level 5 in Evocations
 27965 | D:13     | Found a transporter.
 27965 | D:13     | Noticed Xuta's ghost (journeyman FoFi)
 28004 | D:13     | Found a transporter.
 28239 | D:13     | Found Qiadap's Distillery.
 28737 | D:14     | Reached ****** piety under Trog
 28737 | D:14     | Received a gift from Trog
 29173 | D:14     | Found a gate to the Vaults.
 29436 | D:15     | Entered Level 15 of the Dungeon
 29989 | D:15     | Noticed Agnes
 30012 | D:15     | Killed Agnes
 30709 | D:15     | Found a large runed translucent door.
 30709 | D:15     | Found a large runed translucent door.
 30711 | D:15     | Noticed browni3141's ghost (journeyman MiBe)
 30751 | D:15     | Found a staircase to the Depths.
 30866 | D:15     | Killed browni3141's ghost
 30867 | D:15     | Reached XP level 16. HP: 160/160 MP: 15/15
 31190 | Swamp:1  | Entered Level 1 of the Swamp
 31235 | Swamp:1  | You fall into a shaft and drop 1 floor!
 31353 | Swamp:2  | Found a transporter.
 31361 | Swamp:2  | Found the amulet of the Four Winds {rN+ Will+++ Clar}
 31364 | Swamp:2  | Found a bloodstained altar of Trog.
 31372 | Swamp:2  | Found a transporter.
 31373 | Swamp:2  | Noticed Zoigrime's ghost (adept FoFi)
 31630 | Swamp:2  | Noticed a thorn hunter
 31642 | Swamp:2  | Killed a thorn hunter
 31672 | Swamp:2  | Noticed a thorn hunter
 31676 | Swamp:2  | Killed a thorn hunter
 31796 | Swamp:2  | Noticed a thorn hunter
 31808 | Swamp:2  | Killed a thorn hunter
 32221 | Swamp:2  | Noticed Roxanne
 32255 | Swamp:3  | Noticed a thorn hunter
 32276 | Swamp:3  | Killed a thorn hunter
 32551 | Swamp:4  | Entered Level 4 of the Swamp
 32555 | Swamp:4  | Noticed a thorn hunter
 32567 | Swamp:4  | Killed a thorn hunter
 32702 | Swamp:4  | Got a decaying rune of Zot
 32743 | Swamp:3  | Received a gift from Trog
 33366 | Snake:1  | Entered Level 1 of the Snake Pit
 35026 | Snake:3  | Reached skill level 10 in Shields
 35314 | Snake:4  | Entered Level 4 of the Snake Pit
 35630 | Snake:4  | Reached XP level 17. HP: 79/172 MP: 16/16
 36698 | Snake:4  | Got a serpentine rune of Zot
 36764 | Snake:1  | Found Vonyxt's Assorted Antiques.
 36776 | Snake:1  | Bought a scroll of teleportation for 72 gold pieces
 36776 | Snake:1  | Bought a potion of haste for 240 gold pieces
 37006 | D:4      | Bought a +1 crystal plate armour for 1131 gold pieces
 37185 | D:12     | Gained mutation: You are weak. (Str -2) [potion of
                  | mutation]
 37185 | D:12     | Gained mutation: You are somewhat resistant to further
                  | mutation. [potion of mutation]
 37185 | D:12     | Gained mutation: You tend to lose your temper in combat.
                  | [potion of mutation]
 37186 | D:12     | Lost mutation: You are weak. (Str -2) [potion of mutation]
 37186 | D:12     | Lost mutation: You tend to lose your temper in combat.
                  | [potion of mutation]
 37186 | D:12     | Lost mutation: You are somewhat resistant to further
                  | mutation. [potion of mutation]
 37186 | D:12     | Gained mutation: You are frail. (-10% HP) [potion of
                  | mutation]
 37186 | D:12     | Gained mutation: Your flesh is heat resistant. (rF+)
                  | [potion of mutation]
 37370 | Lair:5   | Killed an acid blob
 37375 | Lair:5   | Killed an acid blob
 37419 | Slime:1  | Entered Level 1 of the Pits of Slime
 37419 | Slime:1  | Noticed an acid blob
 37420 | Slime:1  | Noticed an acid blob
 37426 | Slime:1  | Killed an acid blob
 37427 | Slime:1  | Killed an acid blob
 37428 | Slime:1  | Gained mutation: You are very frail. (-20% HP) [a shining
                  | eye]
 37444 | Lair:5   | Received a gift from Trog
 37880 | Slime:3  | Noticed an acid blob
 37883 | Slime:3  | Noticed an acid blob
 37889 | Slime:3  | Noticed an acid blob
 37890 | Slime:3  | Killed an acid blob
 37905 | Slime:3  | Killed from afar by an acid blob

Illustrated notes

Levels and vault maps discovered:
D:1:      lightli_arrival_noodles, layout_loops_ring, nrook_mini_vaults,
          kennysheep_small_spiral
D:2:      layout_basic, hellmonk_ecumenical_altar_heavens_door
D:3:      layout_rooms, uniq_ijyb, uniq_sigmund
D:4:      layout_rooms, serial_shops, shop, hangedman_decor_riveting
D:5:      layout_loops_ring, serial_shops, nicolae_square_shop,
          gammafunk_ghost_necromancy
D:6:      layout_layer_cave, temple_doors_e, kb_rosetta
D:7:      layout_rooms, bloody_makhleb, ebering_dispersal_statue_hall,
          uniq_menkaure
D:8:      layout_loops_ring, corexii_leaking_fountain, minmay_ruffians
D:9:      layout_roguey, hex_large, disabler_island, uniq_gastronok
D:10:     layout_loops_corners, lair_entry_dummy, minmay_hedge_maze,
          lightli_minifort
D:11:     layout_irregular_city, hiddenorc1_lemuel, uniq_psyche
D:12:     layout_basic
D:13:     layout_basic, gammafunk_ghost_mausoleum, portal_ice_cave_rime,
          serial_shops, shop, serial_undead, serial_undead_c, serial_undead_f,
          serial_undead_b, serial_undead_d, uniq_frances, uniq_nessos
D:14:     layout_irregular_city, david_vaults_4
D:15:     grunt_enter_depths_magical_seal, layout_basic,
          ebering_ghost_disaster_area, serial_co_window_serial,
          co_window_cross_1, co_window_paths_b, co_window_corner_a,
          co_window_corner_a, co_window_paths_b, co_window_unsneaky_path_b,
          co_window_2corner, co_window_paths_c, co_window_corner_ca,
          co_window_4corner_b, glass_columns_a, glass_columns_b,
          glass_columns_b, glass_columns_a, glass_columns_a, uniq_agnes
Lair:1:   layout_misc_corridors, gammafunk_ghost_cemetery, beast_lair_carwin_1,
          lemuel_fruit_tree
Lair:2:   layout_long_grid, guppyfry_snake_entry_garden
Lair:3:   layout_big_grid, serial_bayou, serial_bayou_lake_a,
          serial_bayou_pond_a, serial_bayou_pond_e, serial_bayou_pond_a
Lair:4:   minmay_lair_venomous_thicket, layout_layer_cave,
          minmay_swamp_entry_worms, gauntlet_entry_generic, grunt_megastairs_5
Lair:5:   minmay_lair_oklob_chamber, layout_cave_shapes, slime_altar_2,
          beast_lair_carwin_6, uniq_kirke
Lair:6:   hangedman_lair_caniforms_friends, layout_cave_pods,
          hangedman_lair_in_review, nicolae_lair_lindhole,
          infiniplex_staircase_pool_2
Swamp:1:  layout_falls_marsh, hangedman_swamp_ruin_hall
Swamp:2:  nicolae_swamp_phyte_club, layout_falls_marsh,
          gammafunk_ghost_wrathful_warriors, hangedman_swamp_cone, uniq_roxanne
Swamp:3:  layout_falls_marsh, nicolae_swamp_dense_foliage, swamp_pool1
Swamp:4:  swamp, layout_basic_swamp, ebering_ghost_rock_garden, swamp_pool1,
          uniq_bai_suzhen
Snake:1:  layout_chambers, serial_shops,
          nicolae_shop_competitors_out_of_business, serial_bayou_shore_a,
          uniq_aizul
Snake:2:  layout_chambers, minmay_shop_grove, uniq_vashnia
Snake:3:  layout_onion_interference, serial_shops, shop
Snake:4:  snake_pit_salamanders_mu, layout_cave_town, nicolae_snake_omega
Slime:1:  layout_caves, basic_altar, cheibrodos_slime_lost_civilization_7
Slime:2:  layout_caves
Slime:3:  layout_caves

Skill      XL: |  1  2  3  4  5  6  7  8  9 10 11 12 13 14 15 16 17 |
---------------+----------------------------------------------------+-----
Axes           | 4 5 6 7 8 10 12 14 16 17 18 | 18.0
Fighting       | 4 5 6 8 9 10 11 13 15 18 19 20 21 | 21.1
Armour         | 3 4 5 6 7 9 10 11 12 15 18 19 20 21 | 21.0
Shields        | 6 8 11 12 | 12.7
Evocations     | 7 8 |  8.0
Dodging        | |  2.1

Action                   |  1- 3 |  4- 6 |  7- 9 | 10-12 | 13-15 | 16-18 || total
-------------------------+-------+-------+-------+-------+-------+-------++-------
Melee: Hand axe          |    67 |    74 |   209 |   122 |       |       ||   472
       Headbutt          |     7 |    11 |    45 |   142 |   230 |   118 ||   553
       Unarmed           |       |     5 |       |       |     2 |       ||     7
       Punch             |       |       |     4 |     2 |       |       ||     6
       War axe           |       |       |       |   457 |   105 |       ||   562
       Broad axe         |       |       |       |       |   784 |   494 ||  1278
Throw: Dart              |       |       |       |       |     1 |       ||     1
Invok: Berserk           |     1 |     3 |    11 |    13 |    26 |    22 ||    76
       Trog's Hand       |       |     3 |     1 |     5 |     5 |     4 ||    18
       Brothers in Arms  |       |       |       |       |       |     2 ||     2
Evoke: Wand              |       |       |       |     5 |     2 |       ||     7
       Tin of tremorston |       |       |       |       |       |     1 ||     1
  Use: Scroll            |       |       |       |    14 |    14 |    15 ||    43
       Potion            |       |       |       |       |       |     9 ||     9
 Stab: Petrified         |       |       |       |       |     2 |       ||     2
Armor: Animal skin       |    12 |    22 |     7 |       |       |       ||    41
       Chain mail        |       |       |   108 |    62 |       |       ||   170
       Plate armour      |       |       |       |   191 |   416 |   181 ||   788
       Skin              |       |       |       |       |     1 |       ||     1
       Crystal plate arm |       |       |       |       |       |    62 ||    62
Dodge: Dodged            |    44 |    69 |   119 |   294 |   538 |   235 ||  1299
Block: Buckler           |       |       |       |   108 |   251 |    44 ||   403
       Tower shield      |       |       |       |       |       |   193 ||   193
       Kite shield       |       |       |       |       |       |    58 ||    58
